 Dungeon Crawl Stone Soup version 0.21.1-1-g345015f (webtiles) character file.

396 Mgcat the Skirmisher (level 6, -6/41 HPs)
             Began as a Gargoyle Gladiator on Feb 12, 2018.
             Was an Initiate of Ru.
             Killed by divine providence
             ... invoked by an orc priest
              (14 damage)
             ... on level 4 of the Dungeon.
             The game lasted 00:05:28 (2678 turns).

Mgcat the Skirmisher (Gargoyle Gladiator)           Turns: 2678, Time: 00:05:28

Health: -6/41      AC: 11    Str: 17    XL:     6   Next: 82%
Magic:  6/6        EV: 11    Int:  9    God:    Ru [......]
Gold:   211        SH:  3    Dex: 13    Spells: 5/5 levels left

rFire    . . .     SeeInvis .   a - +1 war axe
rCold    . . .     Gourm    +   v - +0 buckler
rNeg     + . .     Faith    .   e - +0 ring mail
rPois    ∞         Spirit   .   c - +1 helmet
rElec    +         Reflect  .   (no cloak)
rCorr    .         Harm     .   (no gloves)
MR       .....                  (no boots)
Stlth    +.........             l - amulet of the gourmand {Gourm, !d}
HPRegen  0.13/turn              (no ring)
MPRegen  0.10/turn              r - ring of flight {+Fly, !d}

@: no status effects
A: negative energy resistance 1, electricity resistance, unbreathing,
petrification resistance, rot immunity, AC +4
a: Renounce Religion, Evoke Flight


You were on level 4 of the Dungeon.
You worshipped Ru.
Ru was noncommittal.
You were completely stuffed.

You visited 2 branches of the dungeon, and saw 5 of its levels.

You collected 211 gold pieces.

Inventory:

Hand Weapons
 a - a +1 war axe (weapon)
Missiles
 d - 4 throwing nets {=f, !d}
 m - 10 tomahawks (quivered)
Armour
 c - a +1 helmet (worn)
 e - a +0 ring mail (worn)
   (You found it on level 1 of the Dungeon)
 j - a +0 buckler
   (You found it on level 2 of the Dungeon)
 v - a +0 buckler (worn)
   (You found it on level 4 of the Dungeon)
Jewellery
 l - an amulet of the gourmand (around neck) {Gourm, !d}
   (You found it on level 3 of the Dungeon)
 r - a ring of flight (right hand) {+Fly, !d}
   (You found it on level 3 of the Dungeon)
Scrolls
 h - 2 scrolls of magic mapping {!r}
 i - a scroll of enchant armour
 k - 2 scrolls of enchant weapon
 n - 2 scrolls of teleportation
 o - 2 scrolls of identify
Potions
 b - 3 potions of haste
 g - 2 potions of lignification {unknown}
 p - a potion of might {unknown}
 q - 2 potions of flight {unknown}
 s - a potion of mutation {unknown}
 t - a potion of brilliance {unknown}
Comestibles
 f - 7 rations
 u - a chunk of flesh {@w0}


   Skills:
 + Level 5.6 Fighting
 + Level 5.1 Axes
 - Level 1.7 Throwing
 - Level 2.4 Dodging


You had 5 spell levels left.
You didn't know any spells.

Dungeon Overview and Level Annotations

Branches:
Dungeon (4/15)             Temple (1/1) D:4

Altars:
Ashenzari
Elyvilon
Fedhas
Hepliaklqana
Makhleb
Nemelex Xobeh
Qazlal
Ru
Sif Muna
Vehumet
Xom
Yredelemnul
The Shining One


Innate Abilities, Weirdness & Mutations

You are resistant to torment.
Your stone body is resilient. (AC +4)
You are immune to poison.
You resist negative energy. (rN+)
You are resistant to electric shocks. (rElec)
You can survive without breathing.
You are immune to petrification.
You are immune to rotting.


Message History

a club; a gnoll skeleton
Things that are here:
a club; a gnoll skeleton
Things that are here:
a whip; a gnoll corpse You butcher the gnoll corpse.
u - 8 chunks of flesh {@w0} (gained 1)
You see here a whip. x2
An adder skeleton comes into view.
The adder skeleton moves out of view.
You hit the adder skeleton.
The adder skeleton is lightly damaged.
The adder skeleton barely misses you.
You barely miss the adder skeleton.
The adder skeleton is lightly damaged.
The adder skeleton closely misses you.
You slash the adder skeleton!
The adder skeleton is almost destroyed.
The adder skeleton bites you but does no damage.
The adder skeleton closely misses you.
You closely miss the adder skeleton.
The adder skeleton is almost destroyed.
You block the adder skeleton's attack.
You slash the adder skeleton!
You destroy the adder skeleton!
No target in view!
No target in view!
You see here a buckler.
v - a buckler Wear which item? (? for menu, Esc to quit)
You start removing your armour.
You continue taking off your +0 buckler. x4
You finish taking off your +0 buckler.
You start putting on your armour.
You continue putting on your buckler. x5
You finish putting on your +0 buckler.
f - 7 rations (gained 1)
Found a stone staircase leading down.
You now have 195 gold pieces (gained 8).
g - 2 bubbling ruby potions (gained 1) HP restored.
You now have 211 gold pieces (gained 16).
There is a stone staircase leading down here.
Some of the chunks of flesh in your inventory have rotted away.
Some of the chunks of flesh in your inventory have rotted away.
Eating one of 4 chunks of flesh {@w0}.
You eat one of the 4 chunks of flesh {@w0}.
This raw flesh tastes great.
Some of the chunks of flesh in your inventory have rotted away.
Found a stone staircase leading down.
A quokka comes into view.
You slash the quokka!
You kill the quokka!
No target in view!
No target in view!
An ooze comes into view.
The ooze quivers.
You slash the ooze!
You kill the ooze!
No target in view!
No target in view!
o - 2 scrolls of identify (gained 1)
You see here 20 arrows.
An orc comes into view. It is wielding a falchion.
The orc shouts!
You hear a shout!
An orc wizard comes into view. It is wielding a dagger.
An orc priest comes into view. It is wielding a hand axe.
The orc wizard casts a spell at you. The magic dart hits you!
The orc wizard gestures at you while chanting.
You are confused.
You are too confused!
You are too confused!
You are too confused!
You are too confused!
You are too confused!
The orc barely misses you.
The orc wizard gestures wildly while chanting.
The orc wizard flickers and vanishes!
Deactivating autopickup; reactivate with Ctrl-A.
The orc barely misses you.
You miss the orc. The orc hits you with a falchion.
Some of the chunks of flesh in your inventory have rotted away.
You bump into the rock wall.
You feel less confused. The orc hits you but does no damage.
You hit the orc.
The orc is severely wounded.
The orc hits you but does no damage.
You hit the orc.
You kill the orc!
You closely miss something.
The orc priest calls down the wrath of Beogh upon you.
Beogh smites you! Something hits you but does no damage.
The orc priest invokes the aid of Beogh against you.
Beogh smites you!
* * * LOW HITPOINT WARNING * * *
You completely miss something. Something hits you but does no damage.
The orc priest invokes the aid of Beogh against you.
Beogh smites you!
You die...

########.#....#............#
#......#.>.....<....#
##.....##............
##....###...##...###
#.#...#########..## #.#....#
#....## #.#....# ####...
#.##o..############
#.@{...............
#.###..#.(.......## #..
#....########## #.# #$..##
#. #...# #. #.... # .....#
##...


You could see an orc priest.

Vanquished Creatures
  A howler monkey (D:4)
  A worker ant (D:4)
  2 orc wizards (D:4)
  14 gnolls
  5 adders
  2 oozes
  An adder skeleton (D:4)
  A worm (D:2)
  13 orcs
  5 giant cockroaches
  9 goblins
  9 hobgoblins
  2 quokkas
  4 bats
  3 frilled lizards
  8 kobolds
  9 rats
89 creatures vanquished.

Notes
Turn   | Place    | Note
-------+----------+-------------------------------------------
     0 | D:1      | Mgcat the Gargoyle Gladiator began the quest for the Orb.
     0 | D:1      | Reached XP level 1. HP: 12/12 MP: 1/1
    61 | D:1      | Found a sparkling altar of Nemelex Xobeh.
    95 | D:1      | Reached XP level 2. HP: 18/18 MP: 2/2
    99 | D:1      | Reached skill level 3 in Axes
   454 | D:2      | Reached skill level 3 in Fighting
   459 | D:2      | Reached XP level 3. HP: 17/23 MP: 3/3
   699 | D:2      | Reached XP level 4. HP: 13/28 MP: 4/4
   928 | D:2      | Reached skill level 4 in Fighting
   949 | D:2      | HP: 6/29 [gnoll/spear (3)]
   950 | D:2      | Reached skill level 4 in Axes
  1026 | D:2      | Reached XP level 5. HP: 11/33 MP: 5/5
  1376 | D:2      | Found a stormy altar of Qazlal.
  1378 | D:2      | Found a glowing golden altar of the Shining One.
  1379 | D:2      | Found a hazy altar of Hepliaklqana.
  1927 | D:3      | Found a faded altar of an unknown god.
  2051 | D:4      | Reached XP level 6. HP: 18/40 MP: 6/6
  2190 | D:4      | Reached skill level 5 in Fighting
  2346 | D:4      | Reached skill level 5 in Axes
  2369 | D:4      | Found a staircase to the Ecumenical Temple.
  2405 | Temple   | Entered the Ecumenical Temple
  2420 | Temple   | Became a worshipper of Ru the Awakened
  2677 | D:4      | HP: 8/41 [orc priest/divine providence (12)]
  2678 | D:4      | Killed from afar by an orc priest

Skill      XL: |  1  2  3  4  5  6 |
---------------+-------------------+-----
Axes           | 3 4 5 |  5.1
Fighting       | 3 4 5 |  5.6
Throwing       | |  1.7
Dodging        | |  2.4

Action                   |  1- 3 |  4- 6 || total
-------------------------+-------+-------++-------
Melee: War axe           |    93 |   182 ||   275
  Use: Scroll            |       |     8 ||     8
  Eat: Chunk             |       |    21 ||    21
Armor: Ring mail         |    37 |    97 ||   134
       Leather armour    |     2 |       ||     2
Dodge: Dodged            |    73 |   109 ||   182
Block: Buckler           |     4 |    25 ||    29

Vault maps used:
D:1:      dpeg_arrival_orchard, nemelex_xobeh_ov_fountains_minmay
D:2:      minitemple, minmay_distorted
D:3:      corexii_shack_village, chequers_ecumenical_altar_lobes,
          grunt_ministairs_5, uniq_crazy_yiuf_cottage
D:4:      minmay_temple_entry_overgrown, minmay_close_crescents
Temple:   eino_narrow_crystal_temple

Table legend:
 A = Turns spent in this place as a percentage of turns spent in the entire game.
 B = Non-inter-level travel turns spent in this place as a percentage of non-inter-level travel turns spent in the entire game.
 C = Inter-level travel turns spent in this place as a percentage of turns spent in this place.
 D = Turns resting spent in this place as a percentage of non-inter-level travel turns spent in this place.
 E = Turns spent auto-exploring this place as a percentage of non-inter-level travel turns spent in this place.
 F = Non-inter-level travel turns spent in this place divided by the number of levels of this place that you've seen.
                   A       B       C       D       E      F
               +-------+-------+-------+-------+-------+----------------------
         Total | 100.0 | 100.0 |   3.7 |   4.6 |  72.3 | 515.8
       Dungeon |  98.8 |  99.4 |   3.2 |   4.6 |  72.4 | 640.8
        Temple |   1.2 |   0.6 |  48.4 |   0.0 |  62.5 |  16.0
               +-------+-------+-------+-------+-------+----------------------

Table legend:
 A = Kills in this place as a percentage of kills in entire the game.
 B = Kills by you in this place as a percentage of kills by you in the entire game.
 C = Kills by friends in this place as a percentage of kills by friends in the entire game.
 D = Other kills in this place as a percentage of other kills in the entire game.
 E = Experience gained in this place as a percentage of experience gained in the entire game.
 F = Experience gained in this place divided by the number of levels of this place that you have seen.
                   A       B       C       D       E      F
               +-------+-------+-------+-------+-------+----------------------
         Total | 100.0 | 100.0 |   N/A |   N/A | 100.0 | 113.2
       Dungeon | 100.0 | 100.0 |   N/A |   N/A | 100.0 | 141.5
               +-------+-------+-------+-------+-------+----------------------
